 Dungeon Crawl Stone Soup version 0.31-a0-1612-g4aaf141004 (webtiles) character file.

Game seed: 6673962352895759172

1845 Essalna the Geomancer (level 9, 0/51 HPs)
             Began as a Gargoyle Earth Elementalist on Jan 9, 2024.
             Slain by an orc warrior
             ... wielding a +0 dire flail
              (11 damage)
             ... on level 6 of the Dungeon.
             The game lasted 00:08:19 (5356 turns).

Essalna the Geomancer (Gargoyle Earth Elementalist) Turns: 5356, Time: 00:08:19

Health: 0/51       AC:  8    Str: 12    XL:     9   Next: 12%
Magic:  9/15       EV: 12    Int: 26    God:
Gold:   404        SH:  5    Dex: 13    Spells: 12/16 levels left

rFire   + . .        v - +12 quarterstaff of Vyfidduw {vamp, rElec rF+ Dex+3}
rCold   . . .        (shield currently unavailable)
rNeg    + + .        a - +0 robe
rPois   ∞            (no helmet)
rElec   +            (no cloak)
rCorr   .            (no gloves)
SInv    .            (no boots)
Will    .....        j - amulet of reflection
Stlth   ++           r - +6 ring of intelligence
HPRegen 0.28/turn    w - ring of positive energy
MPRegen 0.14/turn

%: reflection
@: no status effects
A: sickness immunity, AC +6, negative energy resistance 1, electricity
resistance, torment resistance 1, petrification resistance
a: no special abilities


You were on level 6 of the Dungeon.
You visited 2 branches of the dungeon, and saw 7 of its levels.

You collected 404 gold pieces.

Inventory:

Hand Weapons
 c - a +0 short sword
 v - the +12 quarterstaff of Vyfidduw (weapon) {vamp, rElec rF+ Dex+3}
   (You found it on level 5 of the Dungeon)

   Dex+3:     It affects your dexterity (+3).
   rF+:       It protects you from fire.
   rElec:     It insulates you from electricity.
Missiles
 u - 2 throwing nets
Armour
 a - a +0 robe (worn)
Jewellery
 j - an amulet of reflection (around neck)
 r - a +6 ring of intelligence (left hand)
 s - a ring of fire
 w - a ring of positive energy (right hand)
 A - a ring of wizardry
Wands
 y - a wand of paralysis (13)
Scrolls
 e - a scroll of enchant weapon {unknown}
 f - a scroll of vulnerability {unknown}
 h - 6 scrolls of identify {unknown}
 k - a scroll of brand weapon {unknown}
 l - a scroll of amnesia {unknown}
 m - a scroll of silence {unknown}
 o - a scroll of fear {unknown}
 p - 2 scrolls of fog {unknown}
 B - a scroll of revelation {unknown}
Potions
 b - a potion of magic
 d - 2 potions of attraction {unknown}
 g - 4 potions of might {unknown}
 i - a potion of heal wounds {unknown}
 n - 3 potions of berserk rage {unknown}
 q - 2 potions of enlightenment {unknown}
 t - a potion of lignification {unknown}
 x - a potion of curing {unknown}
 z - a potion of ambrosia {unknown}


   Skills:
 + Level 3.2 Fighting
 + Level 3.3 Armour
 + Level 3.0 Dodging
 - Level 2.1 Stealth
 - Level 4.0 Spellcasting
 + Level 7.2 Conjurations
 + Level 8.6 Earth Magic


You had 12 spell levels left.
You knew the following spells:

 Your Spells              Type           Power      Damage    Failure   Level
a - Sandblast             Erth           98%        2d20      1%          1
b - Stone Arrow           Conj/Erth      92%        3d12      1%          3

Your spell library contained the following spells:

 Spells                   Type           Power      Damage    Failure   Level
 Shock                    Conj/Air       92%        1d8       1%          1
 Passwall                 Erth           49%        N/A       1%          3
 Brom's Barrelling Bould  Conj/Erth      46%        2d6       3%          4
 Summon Small Mammal      Summ           20%        N/A       9%          1
 Ensorcelled Hibernation  Hex/Ice        10%        N/A       13%         2
 Petrify                  Alch/Erth      27%        N/A       14%         4
 Call Canine Familiar     Summ           5%         N/A       26%         3
 Fugue of the Fallen      Necr           5%         N/A       26%         3
 Swiftness                Air            5%         N/A       26%         3
 Airstrike                Air            2%         2d(1-17)  63%         4
 Anguish                  Hex/Necr       2%         N/A       63%         4
 Summon Blazeheart Golem  Fire/Summ      5%         N/A       63%         4


Dungeon Overview and Level Annotations

Branches:
Dungeon (6/15)             Temple (1/1) D:4

Altars:
Cheibriados
Elyvilon
Gozag
Hepliaklqana
Kikubaaqudgha
Nemelex Xobeh
Okawaru
Qazlal
Ru
Uskayaw
Wu Jian
Yredelemnul
Zin
The Shining One

Shops:
D:5 ?

Annotations:
D:4 2 transporters, none10's ghost, amateur MiFi
D:6 paps's ghost, weakling OpDe


Innate Abilities, Weirdness & Mutations

You are immune to sickness and miasma.
Your stone body is resilient. (AC +6)
You are immune to poison.
You resist negative energy. (rN+)
You are resistant to electric shocks. (rElec)
You are resistant to unholy torment.
You are immune to petrification.


Message History

Press: ? - help, Shift-Dir - straight line, f - orc
Aim: an orc, wielding a +0 flail and wearing a +0 ring mail (87% to hit)
The blast of sand hits the orc!
You kill the orc!
Paps's ghost screams, "To die, to sleep, no more."
Casting: Sandblast (safe; 1% risk of failure)
Confirm with . or Enter, or press ? or * to list all spells.
Aiming: Sandblast (safe; 1% risk of failure)
Press: ? - help, Shift-Dir - straight line, f - orc warrior
Aim: an orc warrior, wielding a +0 dire flail and wearing a +0 plate armour (85% to hit)
The blast of sand misses the orc warrior.
The blast of sand hits the orc!
You kill the orc!
Casting: Sandblast (safe; 1% risk of failure)
Confirm with . or Enter, or press ? or * to list all spells.
Aiming: Sandblast (safe; 1% risk of failure)
Press: ? - help, Shift-Dir - straight line, f/p - orc warrior
Aim: an orc warrior, wielding a +0 dire flail and wearing a +0 plate armour (85% to hit)
The blast of sand hits the orc warrior.
The orc warrior is lightly wounded.
The orc warrior hits you with a +0 dire flail.
The orc warrior hits you with a +0 dire flail!
The orc priest calls upon Beogh to heal the orc warrior.
The orc warrior's wounds heal themselves!
Casting: Sandblast (safe; 1% risk of failure)
Confirm with . or Enter, or press ? or * to list all spells.
Aiming: Sandblast (safe; 1% risk of failure)
Press: ? - help, Shift-Dir - straight line, f/p - orc warrior
Aim: an orc warrior, wielding a +0 dire flail and wearing a +0 plate armour (85% to hit)
The blast of sand hits the orc warrior but does no damage.
The orc warrior hits you with a +0 dire flail!
* * * LOW HITPOINT WARNING * * *
Casting: Sandblast (safe; 1% risk of failure)
Confirm with . or Enter, or press ? or * to list all spells.
Aiming: Sandblast (safe; 1% risk of failure)
Press: ? - help, Shift-Dir - straight line, f/p - orc warrior
Aim: an orc warrior, wielding a +0 dire flail and wearing a +0 plate armour (85% to hit)
The blast of sand hits the orc warrior but does no damage.
The orc warrior hits you with a +0 dire flail!
You die...

..########## #.................
...........# #..[..............
...........# #.................
...........# #...........######
.).........#####....)............
###............######............
...............# #))..........
...............######............
..............()@ooWoo..>........
...............######...........<
...............######............
........###...##.....o...........
......#.....#[##8.............8..
......###)..#.########o''######..
......# #)#.#.#.#..ooo........#..
......# #)#.....#....#####o...#..
####### #.#...###.###.....###.#..


You could see an orc warrior, an orc priest, paps's ghost and 2 orcs.

Vanquished Creatures
  The ghost of tezkier the Ruffian, an amateur TrSh (D:3)
  Menkaure (D:4)
  2 sky beasts (D:6)
  2 orc warriors (D:6)
  An ogre (D:6)
  2 phantoms
  4 scorpions
  A bombardier beetle (D:6)
  2 orc priests (D:6)
  4 hounds (D:4)
  2 jellies
  A gnoll bouda (D:5)
  2 sleepcaps
  3 iguanas
  3 orc wizards
  7 gnolls
  6 adders
  6 dart slugs
  20 orcs
  6 endoplasms
  A giant cockroach (D:1)
  5 goblins
  7 hobgoblins
  8 jackals
  11 kobolds
  2 quokkas
  10 ball pythons
  3 bats
  5 frilled lizards
  7 rats
135 creatures vanquished.

Notes
Turn   | Place    | Note
-------+----------+-------------------------------------------
     0 | D:1      | Essalna the Gargoyle Earth Elementalist began the quest for
                  | the Orb.
     0 | D:1      | Reached XP level 1. HP: 10/10 MP: 3/3
   124 | D:1      | Reached XP level 2. HP: 15/15 MP: 3/5
   257 | D:1      | Reached skill level 4 in Earth Magic
   522 | D:1      | Reached XP level 3. HP: 19/19 MP: 3/6
   565 | D:1      | Learned a level 3 spell: Stone Arrow
  1091 | D:2      | Reached XP level 4. HP: 24/24 MP: 6/8
  1680 | D:3      | Found a large runed translucent door.
  2045 | D:3      | Found a faded altar of an unknown god.
  2047 | D:3      | Reached XP level 5. HP: 24/28 MP: 6/9
  2355 | D:3      | Reached skill level 5 in Earth Magic
  2403 | D:3      | Found a large runed translucent door.
  2405 | D:3      | Noticed tezkier's ghost (amateur TrSh)
  2709 | D:4      | Reached XP level 6. HP: 16/32 MP: 8/11
  2907 | D:4      | Found an iron altar of Okawaru.
  2929 | D:4      | Noticed Menkaure
  2936 | D:4      | Killed Menkaure
  2941 | D:4      | Reached skill level 6 in Earth Magic
  2941 | D:4      | Reached XP level 7. HP: 14/36 MP: 3/13
  3149 | D:4      | Found a hide-covered altar of Uskayaw.
  3419 | D:4      | Found a staircase to the Ecumenical Temple.
  3434 | Temple   | Entered the Ecumenical Temple
  3460 | D:4      | Noticed none10's ghost (amateur MiFi)
  3523 | D:4      | Reached skill level 5 in Conjurations
  3636 | D:4      | Found a transporter.
  3689 | D:4      | Found a transporter.
  3948 | D:3      | Killed tezkier's ghost
  3949 | D:3      | Reached skill level 7 in Earth Magic
  4282 | D:5      | Entered Level 5 of the Dungeon
  4294 | D:5      | Reached XP level 8. HP: 28/41 MP: 5/14
  4303 | D:5      | Found Qathonucs's Magic Scroll Emporium.
  4451 | D:5      | Identified the +12 quarterstaff of Vyfidduw {vamp, rElec
                  | rF+ Dex+3}
  4576 | D:5      | Reached skill level 1 in Fighting
  4576 | D:5      | Reached skill level 1 in Armour
  4908 | D:6      | Found a runed translucent gate.
  4908 | D:6      | Found a runed translucent gate.
  4908 | D:6      | Found a runed translucent gate.
  4912 | D:6      | Reached skill level 8 in Earth Magic
  4916 | D:6      | Identified the +0 chain mail of Waluf {rC- rN+ Dex+8}
  4927 | D:6      | Noticed paps's ghost (weakling OpDe)
  5231 | D:6      | Reached XP level 9. HP: 49/49 MP: 12/15
  5356 | D:6      | Slain by an orc warrior

Illustrated notes

Levels and vault maps discovered:
D:1:      dpeg_arrival_pond, layout_rooms
D:2:      layout_basic
D:3:      layout_loops_ring, ebering_ghost_disaster_area,
          ebering_ecumenical_altar_sacrificial
D:4:      layout_loops_corners, mainiacjoe_overflow_big_doors,
          minmay_temple_entry_slanted, gammafunk_ghost_stat_death, uniq_menkaure
D:5:      layout_rooms, serial_shops, shop
D:6:      layout_basic, biasface_ghost_orc_armoury
Temple:   nicolae_temple_no_exploring_needed

Skill      XL: |  1  2  3  4  5  6  7  8  9 |
---------------+----------------------------+-----
Earth Magic    | 4 5 6 7 8 |  8.6
Conjurations   | 2 3 4 6 7 |  7.2
Spellcasting   | 3 4 |  4.0
Fighting       | 2 3 |  3.2
Armour         | 3 |  3.3
Dodging        | 2 3 |  3.0
Stealth        | |  2.1

Action                     |  1- 3 |  4- 6 |  7- 9 || total
---------------------------+-------+-------+-------++-------
  Melee: Short sword       |    11 |     5 |     2 ||    18
         Quarterstaff      |       |       |    12 ||    12
   Cast: Sandblast         |    43 |    77 |    78 ||   198
         Stone Arrow       |       |       |     9 ||     9
    Use: Potion            |       |     1 |     1 ||     2
 Armour: Robe              |     7 |    35 |    40 ||    82
  Dodge: Dodged            |    16 |    24 |    14 ||    54
  Block: Other             |     1 |    12 |     7 ||    20

Table legend: (Time is in decaauts)
 A = Elapsed time spent in this place.
 B = Non-inter-level travel time spent in this place.
 C = Inter-level travel time spent in this place.
 D = Time resting spent in this place.
 E = Time spent auto-exploring this place.
 F = Levels seen in this place.
 G = Mean time per level.
                   A        B        C        D        E       F      G
               +--------+--------+--------+--------+--------+-----+--------+
         Total |   5457 |   5068 |    389 |      0 |   4320 |   7 |  779.6 |
       Dungeon |   5455 |   5066 |    389 |      0 |   4320 |   6 |  909.2 |
        Temple |      1 |      1 |      0 |      0 |      0 |   1 |    1.0 |
               +--------+--------+--------+--------+--------+-----+--------+

Top non-repeatable levels by time:
     D:3: 1497 daAuts
     D:4: 1259 daAuts
     D:1: 824 daAuts
     D:2: 772 daAuts
     D:6: 596 daAuts
     D:5: 506 daAuts
  Temple: 1 daAuts
